 Dungeon Crawl Stone Soup version 0.23.2-33-g5129a83184 (webtiles) character file.

Game seed: 4697350073676603181

1689 doot the Thaumaturge (level 8, 0/42 HPs)
             Began as a Deep Elf Wizard on July 24, 2019.
             Was a Believer of Kikubaaqudgha.
             Engulfed by a cloud of noxious fumes (2 damage)
             ... on level 8 of the Dungeon.
             The game lasted 00:15:28 (6039 turns).

doot the Thaumaturge (Deep Elf Wizard)              Turns: 6039, Time: 00:15:31

Health: 0/42       AC:  3    Str:  4    XL:     8   Next: 72%
Magic:  14/24      EV: 13    Int: 26    God:    Kikubaaqudgha [**....]
Gold:   184        SH:  0    Dex: 13    Spells: 14/27 levels left

rFire    . . .     SeeInvis .   (no weapon)
rCold    . . .     Gourm    .   (no shield)
rNeg     . . .     Faith    .   a - +0 robe
rPois    .         Spirit   .   b - +0 hat
rElec    .         Reflect  .   (no cloak)
rCorr    .         Harm     .   (no gloves)
MR       .....                  g - +0 pair of boots
Stlth    +.........             c - amulet of magic regeneration
HPRegen  0.14/turn              q - ring of flight
MPRegen  0.44/turn              (no ring)

@: confused, lethally poisoned (0 -> -4), flying, studying Long Blades
A: no striking features
a: Receive Corpses, Renounce Religion


You were on level 8 of the Dungeon.
You worshipped Kikubaaqudgha.
Kikubaaqudgha was pleased with you.
You were hungry.

You visited 2 branches of the dungeon, and saw 9 of its levels.
You also visited: Sewer.

You collected 184 gold pieces.

Inventory:

Armour
 a - a +0 robe (worn)
 b - a +0 hat (worn)
 g - a +0 pair of boots (worn)
 k - a +0 pair of gloves
Jewellery
 c - an amulet of magic regeneration (around neck)
 q - a ring of flight (left hand)
Wands
 A - a wand of polymorph (12)
 B - a wand of digging (4)
Scrolls
 e - 9 scrolls of identify {unknown}
 i - a scroll of random uselessness {unknown}
 j - a scroll of teleportation {unknown}
 m - 2 scrolls of remove curse {unknown}
 n - a scroll of amnesia {unknown}
 o - a scroll of immolation {unknown}
 r - a scroll of noise {unknown}
 x - 2 scrolls of magic mapping {unknown}
 y - a scroll of enchant armour {unknown}
 z - a scroll of blinking {unknown}
Potions
 h - 2 potions of degeneration {unknown}
 l - 4 potions of flight
 p - 4 potions of curing {unknown}
 s - 2 potions of agility {unknown}
 t - 3 potions of heal wounds {unknown}
 u - 2 potions of brilliance {unknown}
 v - 2 potions of might {unknown}
 w - a potion of magic {unknown}
 C - a potion of haste {unknown}
Books
 f - a manual of Long Blades
Comestibles
 d - 6 rations


   Skills:
 + Level 0.4 Fighting
 + Level 3.3 Dodging
 + Level 3.0 Stealth
 + Level 0.9 Unarmed Combat
 + Level 10.4 Spellcasting
 + Level 7.3 Conjurations
 + Level 0.5 Hexes
   Level 1.1 Summonings
 + Level 0.2 Necromancy
 + Level 2.9 Translocations
 + Level 1.3 Fire Magic
 + Level 1.5 Air Magic
 + Level 1.1 Poison Magic
 + Level 0.7 Evocations


You had 14 spell levels left.
You knew the following spells:

 Your Spells              Type           Power        Failure   Level  Hunger
a - Magic Dart            Conj           ####         1%          1    None
b - Blink                 Tloc           N/A          1%          2    None
c - Slow                  Hex            ###.....     5%          2    None
d - Conjure Flame         Conj/Fire      #####...     2%          3    None
e - Mephitic Cloud        Conj/Pois/Air  ####....     3%          3    None
f - Corpse Rot            Necr           N/A          6%          2    None

Your spell library contained the following spells:

 Spells                   Type           Power        Failure   Level  Hunger
 Pain                     Necr           ###.         4%          1    None
 Call Imp                 Summ           ###.....     4%          2    None
 Sublimation of Blood     Necr           ###.......   6%          2    None
 Recall                   Summ/Tloc      N/A          6%          3    None
 Vampiric Draining        Necr           ###.......   12%         3    None
 Summon Forest            Summ/Tloc      ###.......   47%         5    ####...
 Aura of Abjuration       Summ           ###.......   61%         5    ####...
 Summon Demon             Summ           ###.......   61%         5    ####...
 Summon Mana Viper        Hex/Summ       ###.....     65%         5    ####...
 Shadow Creatures         Summ           N/A          99%         6    #####..


Dungeon Overview and Level Annotations

Branches:
Dungeon (8/15)             Temple (1/1) D:6
   Lair: D:8-11

Altars:
Ashenzari
Cheibriados
Dithmenos
Elyvilon
Fedhas
Gozag
Hepliaklqana
Kikubaaqudgha
Makhleb
Nemelex Xobeh
Okawaru
Qazlal
Ru
Sif Muna
Trog
Uskayaw
Vehumet
Wu Jian
Xom
Yredelemnul
Zin
The Shining One


Message History

The killer bee is engulfed in blazing flames.
The killer bee completely misses you.
The killer bee is engulfed in noxious fumes.
The killer bee appears confused.
The killer bee stings you but does no damage.
The killer bee stings you.
* * * LOW HITPOINT WARNING * * *
You are poisoned.
The killer bee poisons you!
The orc wizard gestures at you while chanting.
The magic dart hits you.
* * * LOW HITPOINT WARNING * * *
The orc is engulfed in noxious fumes.
The orc appears confused.
It was a potion of flight.
You feel very buoyant.
You fly up into the air.
You are engulfed in noxious fumes.
You choke on the stench!
You are more confused.
You die...
Kikubaaqudgha rasps: "You have failed me!
Welcome... death!" ...... ..... ###.... #..$.. ##. #.Fo. ...o ○c○

=....
#y#o./...
#@§yo....
#yy.○....
#.$...#.%
#........
##.####..
## #


You could see an orc warrior (confused), a bullfrog, a centaur, 4 killer bees,
an orc wizard and 2 orcs.

Vanquished Creatures
  Sigmund (D:5)
  A hungry ghost (D:7)
  2 sky beasts
  2 ogres (D:4)
  2 centaurs
  A bullfrog (D:7)
  A wyvern skeleton (D:6)
  2 howler monkeys (D:4)
  A crimson imp (D:5)
  A bullfrog zombie (D:5)
  2 hounds
  3 jellies
  An orc priest (D:4)
  3 orc wizards
  2 worker ants (D:5)
  A killer bee zombie (D:4)
  A hound zombie (D:7)
  8 adders
  9 river rats (Sewer)
  A shadow imp (D:7)
  An ooze (Sewer)
  An adder skeleton (D:5)
  2 dart slugs
  3 worms
  9 leopard geckos
  15 orcs
  5 ball pythons (Sewer)
  3 bats
  3 giant cockroaches
  A goblin (D:1)
  3 hobgoblins
  8 jackals
  20 kobolds
  A quokka (D:4)
  A frilled lizard (D:5)
  A giant cockroach zombie (D:5)
  A jackal skeleton (D:5)
  A jackal zombie (D:5)
  18 rats
142 creatures vanquished.

Notes
Turn   | Place    | Note
-------+----------+-------------------------------------------
     0 | D:1      | doot the Deep Elf Wizard began the quest for the Orb.
     0 | D:1      | Reached XP level 1. HP: 10/10 MP: 7/7
   213 | D:1      | Reached skill level 5 in Spellcasting
   213 | D:1      | Reached XP level 2. HP: 15/15 MP: 8/10
   543 | D:2      | Found a burning altar of Makhleb.
   560 | D:2      | Learned a level 2 spell: Blink
   563 | D:2      | Learned a level 2 spell: Slow
   823 | D:2      | Reached XP level 3. HP: 19/19 MP: 8/12
   912 | D:2      | Learned a level 3 spell: Conjure Flame
   916 | D:2      | Learned a level 3 spell: Mephitic Cloud
  1395 | D:4      | Reached skill level 6 in Spellcasting
  1395 | D:4      | Reached XP level 4. HP: 24/24 MP: 11/14
  1616 | D:4      | Reached XP level 5. HP: 28/28 MP: 11/16
  1870 | D:4      | Noticed a sky beast
  1871 | D:4      | Noticed an ogre
  1885 | D:4      | Killed an ogre
  1885 | D:4      | Reached skill level 7 in Spellcasting
  1885 | D:4      | Reached XP level 6. HP: 32/32 MP: 2/18
  1943 | D:4      | Killed a sky beast
  2103 | D:4      | Reached skill level 8 in Spellcasting
  2129 | D:4      | Reached skill level 5 in Conjurations
  2129 | D:4      | Reached XP level 7. HP: 36/36 MP: 15/20
  2601 | D:5      | Entered Level 5 of the Dungeon
  2632 | D:5      | Noticed Sigmund
  2649 | D:5      | Killed Sigmund
  2649 | D:5      | Reached skill level 1 in Fire Magic
  3427 | D:5      | Reached skill level 1 in Air Magic
  3727 | D:5      | Reached skill level 9 in Spellcasting
  3727 | D:5      | Reached XP level 8. HP: 42/42 MP: 16/23
  3966 | D:6      | Found a staircase to the Ecumenical Temple.
  3977 | Temple   | Entered the Ecumenical Temple
  4036 | Temple   | Became a worshipper of Kikubaaqudgha
  4141 | D:6      | Found a glowing drain.
  4166 | Sewer    | Entered a sewer
  4244 | Sewer    | Reached * piety under Kikubaaqudgha
  4244 | Sewer    | Identified Kikubaaqudgha's Handbook of Necromancy
                  | (Kikubaaqudgha gifted it to you in a sewer)
  4244 | Sewer    | Received a gift from Kikubaaqudgha
  4249 | Sewer    | Learned a level 2 spell: Corpse Rot
  4352 | Sewer    | Reached skill level 1 in Poison Magic
  5193 | D:6      | Reached ** piety under Kikubaaqudgha
  5506 | D:7      | Reached skill level 10 in Spellcasting
  5715 | D:7      | Found a sacrificial altar of Ru.
  6038 | D:8      | HP: 2/42 [orc wizard/magic dart (3)]
  6039 | D:8      | Engulfed by a cloud of noxious fumes

Skill      XL: |  1  2  3  4  5  6  7  8 |
---------------+-------------------------+-----
Spellcasting   | 5 6 7 8 9 10 | 10.4
Conjurations   | 2 3 4 5 6 7 |  7.3
Dodging        | 3 |  3.3
Translocations | 2 |  2.9
Fire Magic     | 1 |  1.3
Air Magic      | 1 |  1.5
Poison Magic   | 1 |  1.1
Stealth        | 3 |  3.0
Fighting       | |  0.4
Unarmed Combat | |  0.9
Hexes          | |  0.5
Summonings     | |  1.1
Necromancy     | |  0.2
Evocations     | |  0.7

Action                   |  1- 3 |  4- 6 |  7- 9 || total
-------------------------+-------+-------+-------++-------
Melee: Unarmed           |     8 |       |     7 ||    15
 Cast: Magic Dart        |    99 |    59 |   206 ||   364
       Blink             |     2 |     5 |    12 ||    19
       Conjure Flame     |       |     7 |    20 ||    27
       Mephitic Cloud    |       |     5 |    16 ||    21
       Slow              |       |     1 |     2 ||     3
       Corpse Rot        |       |       |     6 ||     6
 Abil: Evoke Flight      |       |       |     3 ||     3
  Use: Potion            |       |       |     1 ||     1
 Stab: Confused          |       |       |     1 ||     1
  Eat: Chunk             |     1 |     3 |     4 ||     8
       Ration            |       |       |     2 ||     2
Armor: Robe              |    17 |     3 |    11 ||    31
Dodge: Dodged            |    69 |    12 |    40 ||   121
